[ AOE2 MATCH · #476377700 ]
UnrankedChinese vs Persians
[ REPLAY ANALYSIS · EXTRACTED FROM THE RECORDED GAME ]
Feudal
—
Castle
—
Imperial
—
| APM avg | 44.7 |
| APM peak | 84 |
| eAPM avg | 29.5 |
| Villagers / military | 221 / 236 |
Focus
⚔️ 26.1% · 🌾 73.9%
Fire Lancer ×174 · Iron Pagoda ×25 · Trade Cart ×22 · Battering Ram ×20 · Trebuchet (Packed) ×12 · Chu Ko Nu ×5
Feudal
10:51
Castle
14:06
Imperial
36:34
| APM avg | 18.2 |
| APM peak | 34 |
| eAPM avg | 15.5 |
| Villagers / military | 200 / 145 |
Focus
⚔️ 21.6% · 🌾 78.4%
Scorpion ×97 · Battering Ram ×48
Feudal
—
Castle
—
Imperial
—
| APM avg | 8.9 |
| APM peak | 29 |
| eAPM avg | 8.0 |
| Villagers / military | 96 / 50 |
Focus
⚔️ 17.2% · 🌾 82.8%
War Elephant ×39 · Trade Cart ×18 · Bombard Cannon ×5 · Monk ×3 · Trebuchet (Packed) ×3
Feudal
12:21
Castle
20:14
Imperial
29:06
| APM avg | 16.7 |
| APM peak | 40 |
| eAPM avg | 12.9 |
| Villagers / military | 99 / 104 |
Focus
⚔️ 25.3% · 🌾 74.7%
Knight ×42 · Skirmisher ×37 · Teutonic Knight ×15 · Spearman ×9 · Trade Cart ×5 · Monk ×1
Feudal
12:11
Castle
17:09
Imperial
34:39
| APM avg | 12.2 |
| APM peak | 34 |
| eAPM avg | 9.6 |
| Villagers / military | 173 / 225 |
Focus
⚔️ 30.3% · 🌾 69.7%
Spearman ×100 · Longbowman ×66 · Scorpion ×34 · Mangonel ×20 · Trade Cart ×13 · Trebuchet (Packed) ×3
Feudal
11:20
Castle
25:29
Imperial
40:13
| APM avg | 12.8 |
| APM peak | 58 |
| eAPM avg | 11.0 |
| Villagers / military | 85 / 253 |
Focus
⚔️ 52.1% · 🌾 47.9%
Spearman ×90 · Skirmisher ×85 · Hand Cannoneer ×39 · Hussite Wagon ×38 · Trade Cart ×17 · Monk ×1
Feudal
10:54
Castle
37:25
Imperial
—
| APM avg | 3.9 |
| APM peak | 32 |
| eAPM avg | 2.9 |
| Villagers / military | 46 / 0 |
Focus
⚔️ 6.6% · 🌾 93.4%
Trade Cart ×3
Feudal
—
Castle
—
Imperial
—
| APM avg | 23.4 |
| APM peak | 74 |
| eAPM avg | 15.4 |
| Villagers / military | 112 / 156 |
Focus
⚔️ 39.7% · 🌾 60.3%
Militia ×73 · Jaguar Warrior ×49 · Skirmisher ×33 · Trade Cart ×7 · Monk ×1
Match map
Initial resources + every placement click. Lines = walls · curves = elevation contours. ◆ gold · ⬟ stone · ● berries · ✦ relic · ◌ wall gap
Your base· ✓ Closed at 13:53 · 36t walls · fragile
smithafn's base· ✓ Closed at 14:06 · 18t walls · fragile
teddybotello_'s base· ✓ Closed at 22:07 · 26t walls · fragile
rodro_fern's base· ✓ Closed at 20:14 · 65t walls · fragile
KinGus's base· ✓ Closed at 17:09 · 11t walls · fragile
Franipani89's base· ✓ Closed at 25:29 · 0t walls · fragile
antonio.mecalco.hdez's base· ✓ Closed at 37:25 · 68t walls · fragile
SombreSnow8222's base· ✓ Closed at 15:32 · 19t walls · fragile
Smoothed initial terrain · ◌ = detected wall gap · hover for details
Inputs per minute
— cookie20003175 - - smithafn
Build order — cookie20003175
First 150 of 579 actions detected
| 0:03 | Research | Loom |
| 0:03 | Research | Loom |
| 0:55 | Create | Villager (Male) |
| 0:56 | Create | Villager (Male) |
| 1:22 | Build | Palisade Wall |
| 1:26 | Build | Palisade Wall |
| 1:27 | Build | Palisade Wall |
| 1:53 | Build | Palisade Wall |
| 1:57 | Create | Villager (Male) |
| 2:26 | Create | Villager (Male) |
| 2:26 | Create | Villager (Male) |
| 2:52 | Create | Villager (Male) |
| 2:52 | Create | Villager (Male) |
| 3:20 | Build | Lumber Camp |
| 3:25 | Create | Villager (Male) |
| 3:25 | Create | Villager (Male) |
| 3:46 | Create | Villager (Male) |
| 4:14 | Create | Villager (Male) |
| 4:15 | Create | Villager (Male) |
| 4:37 | Build | House |
| 4:46 | Create | Villager (Male) |
| 4:46 | Create | Villager (Male) |
| 4:58 | Create | Villager (Male) |
| 5:12 | Create | Villager (Male) |
| 5:28 | Create | Villager (Male) |
| 5:29 | Create | Villager (Male) |
| 6:03 | Create | Villager (Male) |
| 6:03 | Create | Villager (Male) |
| 6:16 | Create | Villager (Male) |
| 6:16 | Create | Villager (Male) |
| 6:29 | Build | House |
| 6:33 | Create | Villager (Male) |
| 6:34 | Create | Villager (Male) |
| 6:42 | Create | Villager (Male) |
| 6:49 | Create | Villager (Male) |
| 6:49 | Create | Villager (Male) |
| 7:06 | Create | Villager (Male) |
| 7:21 | Create | Villager (Male) |
| 7:29 | Build | Mill |
| 7:37 | Create | Villager (Male) |
| 8:33 | Build | House |
| 9:07 | Create | Villager (Male) |
| 9:10 | Build | Mill |
| 10:16 | Research | Feudal Age |
| 10:45 | Build | Lumber Camp |
| 10:59 | Build | Mining Camp |
| 11:09 | Build | House |
| 12:40 | Create | Villager (Male) |
| 12:49 | Build | Blacksmith |
| 12:52 | Build | Market |
| 12:57 | Create | Villager (Male) |
| 13:53 | Research | Castle Age |
| 13:53 | Research | Castle Age |
| 14:14 | Build | Farm |
| 14:14 | Build | Farm |
| 14:21 | Build | Farm |
| 14:22 | Build | Farm |
| 14:28 | Research | Double-Bit Axe |
| 15:14 | Research | Horse Collar |
| 15:16 | Create | Villager (Male) |
| 15:26 | Build | House |
| 15:28 | Build | House |
| 15:28 | Build | House |
| 15:53 | Build | Farm |
| 15:53 | Build | Farm |
| 15:53 | Build | Farm |
| 16:03 | Create | Villager (Male) |
| 16:36 | Build | Town Center |
| 16:41 | Create | Villager (Male) |
| 16:47 | Build | Town Center |
| 16:54 | Research | Bow Saw |
| 17:02 | Build | Farm |
| 17:15 | Create | Villager (Male) |
| 17:43 | Create | Villager (Male) |
| 17:48 | Create | Villager (Male) |
| 17:52 | Research | Wheelbarrow |
| 18:06 | Create | Villager (Male) |
| 18:08 | Create | Villager (Male) |
| 18:11 | Create | Villager (Male) |
| 18:17 | Build | Farm |
| 18:20 | Build | Farm |
| 18:21 | Create | Villager (Male) |
| 18:35 | Build | Farm |
| 18:36 | Build | Farm |
| 18:38 | Build | Farm |
| 18:41 | Create | Villager (Male) |
| 18:44 | Create | Villager (Male) |
| 18:45 | Create | Villager (Male) |
| 18:45 | Create | Villager (Male) |
| 18:48 | Build | Farm |
| 18:51 | Build | Farm |
| 18:51 | Build | Farm |
| 18:51 | Build | Farm |
| 18:56 | Create | Villager (Male) |
| 19:01 | Build | Farm |
| 19:05 | Create | Villager (Male) |
| 19:08 | Create | Villager (Male) |
| 19:13 | Create | Villager (Male) |
| 19:15 | Create | Villager (Male) |
| 19:17 | Create | Villager (Male) |
| 19:25 | Create | Villager (Male) |
| 19:36 | Create | Villager (Male) |
| 19:42 | Create | Villager (Male) |
| 19:50 | Create | Villager (Male) |
| 19:55 | Build | Farm |
| 19:57 | Build | Farm |
| 20:02 | Build | Farm |
| 20:04 | Create | Villager (Male) |
| 20:09 | Build | Farm |
| 20:13 | Build | Farm |
| 20:14 | Create | Villager (Male) |
| 20:18 | Create | Villager (Male) |
| 20:20 | Create | Villager (Male) |
| 20:27 | Create | Villager (Male) |
| 20:29 | Create | Villager (Male) |
| 20:38 | Build | Farm |
| 20:40 | Build | Farm |
| 20:43 | Create | Villager (Male) |
| 20:48 | Create | Villager (Male) |
| 20:57 | Research | Heavy Plow |
| 21:03 | Build | Farm |
| 21:04 | Create | Villager (Male) |
| 21:09 | Build | Farm |
| 21:11 | Create | Villager (Male) |
| 21:14 | Create | Villager (Male) |
| 21:17 | Create | Villager (Male) |
| 21:26 | Build | Farm |
| 21:29 | Build | Farm |
| 21:32 | Build | Farm |
| 21:33 | Create | Villager (Male) |
| 21:37 | Create | Villager (Male) |
| 21:37 | Create | Villager (Male) |
| 21:38 | Create | Villager (Male) |
| 21:41 | Build | Farm |
| 21:45 | Create | Villager (Male) |
| 21:45 | Create | Villager (Male) |
| 21:47 | Create | Villager (Male) |
| 21:48 | Create | Villager (Male) |
| 21:50 | Create | Villager (Male) |
| 21:51 | Create | Villager (Male) |
| 22:02 | Create | Villager (Male) |
| 22:07 | Create | Villager (Male) |
| 22:09 | Create | Villager (Male) |
| 22:13 | Create | Villager (Male) |
| 22:17 | Create | Villager (Male) |
| 22:28 | Build | Town Center |
| 22:30 | Create | Villager (Male) |
| 22:36 | Create | Villager (Male) |
| 22:37 | Create | Villager (Male) |
| 22:40 | Create | Villager (Male) |
Build order — smithafn
First 150 of 368 actions detected
| 0:02 | Create | Villager (Male) |
| 0:03 | Create | Villager (Male) |
| 0:03 | Create | Villager (Male) |
| 0:05 | Build | House |
| 0:07 | Build | House |
| 0:24 | Create | Villager (Male) |
| 0:24 | Create | Villager (Male) |
| 1:02 | Research | Loom |
| 1:38 | Create | Villager (Male) |
| 2:10 | Create | Villager (Male) |
| 2:10 | Create | Villager (Male) |
| 2:25 | Create | Villager (Male) |
| 3:00 | Create | Villager (Male) |
| 3:14 | Create | Villager (Male) |
| 3:14 | Create | Villager (Male) |
| 3:42 | Build | House |
| 3:43 | Build | House |
| 4:06 | Create | Villager (Male) ×2 |
| 4:06 | Create | Villager (Male) ×2 |
| 4:29 | Research | Loom |
| 4:37 | Build | Outpost |
| 5:09 | Create | Villager (Male) ×3 |
| 5:21 | Create | Villager (Male) |
| 5:44 | Build | Lumber Camp |
| 6:31 | Build | Palisade Wall |
| 6:53 | Create | Villager (Male) ×5 |
| 6:54 | Create | Villager (Male) |
| 6:54 | Create | Villager (Male) |
| 7:15 | Build | House |
| 7:18 | Build | Outpost |
| 8:25 | Build | Mining Camp |
| 8:41 | Research | Feudal Age |
| 9:09 | Build | House |
| 9:15 | Build | House |
| 9:18 | Build | Outpost |
| 10:16 | Build | Lumber Camp |
| 10:51 | Age | Feudal Age |
| 10:54 | Create | Villager (Male) |
| 11:26 | Research | Castle Age |
| 11:47 | Build | Stone Wall |
| 11:49 | Build | Outpost |
| 11:55 | Build | Outpost |
| 11:59 | Build | Stone Wall |
| 12:01 | Build | House |
| 12:02 | Build | House |
| 12:04 | Build | House |
| 12:05 | Build | Outpost |
| 12:17 | Build | Mill |
| 12:46 | Research | Double-Bit Axe |
| 13:40 | Build | Mining Camp |
| 13:54 | Research | Horse Collar |
| 14:06 | Age | Castle Age |
| 14:08 | Create | Villager (Male) |
| 14:25 | Create | Villager (Male) |
| 14:46 | Build | Farm |
| 14:47 | Build | Farm |
| 14:50 | Build | Farm |
| 14:51 | Build | Farm |
| 14:54 | Build | Farm |
| 14:55 | Build | Farm |
| 14:57 | Build | Farm |
| 14:58 | Build | Farm |
| 15:05 | Create | Villager (Male) |
| 15:10 | Build | Town Center |
| 15:39 | Build | House |
| 15:40 | Build | House |
| 15:41 | Build | House |
| 15:42 | Build | House |
| 15:43 | Build | House |
| 15:44 | Build | House |
| 15:51 | Create | Villager (Male) |
| 16:37 | Build | Town Center |
| 16:39 | Build | Lumber Camp |
| 16:44 | Create | Villager (Male) |
| 16:44 | Create | Villager (Male) |
| 17:39 | Create | Villager (Male) ×4 |
| 18:12 | Build | Town Center |
| 18:47 | Create | Villager (Male) ×4 |
| 18:59 | Build | House |
| 19:02 | Build | House |
| 19:06 | Build | House |
| 19:07 | Build | House |
| 19:08 | Build | House |
| 19:12 | Create | Villager (Male) |
| 19:13 | Create | Villager (Male) |
| 19:21 | Build | Lumber Camp |
| 19:31 | Build | Farm |
| 19:33 | Build | Farm |
| 19:34 | Build | Farm |
| 19:38 | Build | Farm |
| 19:55 | Build | House |
| 19:57 | Build | House |
| 19:58 | Build | Outpost |
| 20:00 | Build | House |
| 20:01 | Build | House |
| 20:02 | Build | House |
| 20:10 | Create | Villager (Male) ×3 |
| 20:13 | Create | Villager (Male) |
| 20:40 | Build | Stone Wall |
| 20:45 | Build | Outpost |
| 20:50 | Build | Stone Wall |
| 20:55 | Build | Outpost |
| 21:03 | Create | Villager (Male) ×4 |
| 21:14 | Build | Farm |
| 21:16 | Build | Farm |
| 21:17 | Build | Farm |
| 21:18 | Build | Farm |
| 21:19 | Build | Farm |
| 21:21 | Build | Farm |
| 21:35 | Build | House |
| 21:36 | Build | House |
| 21:37 | Build | House |
| 21:38 | Build | House |
| 21:39 | Build | House |
| 21:46 | Build | House |
| 21:47 | Build | House |
| 21:48 | Build | House |
| 21:49 | Build | House |
| 21:50 | Build | House |
| 21:51 | Build | House |
| 21:52 | Build | House |
| 21:53 | Build | House |
| 22:05 | Create | Villager (Male) ×5 |
| 22:15 | Build | Town Center |
| 22:27 | Build | Farm |
| 22:28 | Build | Farm |
| 22:29 | Build | Farm |
| 22:32 | Build | Farm |
| 22:47 | Build | Mining Camp |
| 22:53 | Create | Villager (Male) ×5 |
| 22:54 | Create | Villager (Male) ×2 |
| 23:48 | Build | Market |
| 23:54 | Build | House |
| 23:56 | Build | Palisade Wall |
| 23:57 | Build | Palisade Wall |
| 24:02 | Build | Market |
| 24:04 | Create | Villager (Male) ×5 |
| 24:05 | Create | Villager (Male) ×5 |
| 24:05 | Create | Villager (Male) |
| 24:12 | Build | Lumber Camp |
| 24:34 | Build | Town Center |
| 24:45 | Build | Farm |
| 24:46 | Build | Farm |
| 24:48 | Build | Farm |
| 24:51 | Build | Farm |
| 24:53 | Build | Farm |
| 24:55 | Build | Farm |
| 24:58 | Build | Farm |
| 25:06 | Build | Farm |
| 25:08 | Build | Farm |
Build order — teddybotello_
First 150 of 309 actions detected
| 0:22 | Build | House |
| 0:24 | Build | House |
| 0:35 | Create | Villager (Male) |
| 0:36 | Create | Villager (Male) |
| 0:36 | Create | Villager (Male) |
| 0:36 | Create | Villager (Male) |
| 0:36 | Create | Villager (Male) |
| 2:24 | Create | Villager (Male) |
| 2:24 | Create | Villager (Male) |
| 2:32 | Create | Villager (Male) |
| 3:53 | Create | Villager (Male) |
| 3:54 | Create | Villager (Male) |
| 3:54 | Create | Villager (Male) |
| 4:04 | Build | House |
| 4:11 | Build | House |
| 4:19 | Create | Villager (Male) |
| 4:54 | Build | Palisade Wall |
| 5:04 | Create | Villager (Male) |
| 5:04 | Create | Villager (Male) |
| 5:05 | Create | Villager (Male) |
| 6:13 | Build | Mill |
| 6:45 | Create | Villager (Male) |
| 6:45 | Create | Villager (Male) |
| 7:49 | Create | Villager (Male) |
| 7:49 | Create | Villager (Male) |
| 8:37 | Build | Farm |
| 8:44 | Build | Farm |
| 8:57 | Build | Farm |
| 9:10 | Build | Outpost |
| 9:34 | Build | House |
| 9:35 | Build | House |
| 9:38 | Build | House |
| 10:23 | Build | Mining Camp |
| 10:35 | Create | Villager (Male) |
| 11:07 | Research | Feudal Age |
| 12:33 | Build | House |
| 12:35 | Build | House |
| 13:12 | Create | Villager (Male) |
| 13:12 | Create | Villager (Male) |
| 13:13 | Create | Villager (Male) |
| 13:13 | Create | Villager (Male) |
| 13:41 | Build | Palisade Wall |
| 14:02 | Create | Villager (Male) |
| 14:02 | Create | Villager (Male) |
| 14:02 | Create | Villager (Male) |
| 14:02 | Create | Villager (Male) |
| 14:03 | Create | Villager (Male) |
| 14:03 | Create | Villager (Male) |
| 14:03 | Create | Villager (Male) |
| 14:04 | Create | Villager (Male) |
| 14:04 | Create | Villager (Male) |
| 14:04 | Create | Villager (Male) |
| 14:32 | Create | Villager (Male) |
| 14:32 | Create | Villager (Male) |
| 15:20 | Build | Lumber Camp |
| 15:33 | Build | Farm |
| 16:16 | Build | Farm |
| 16:26 | Build | Farm |
| 16:38 | Build | Farm |
| 16:49 | Build | Farm |
| 17:06 | Build | Farm |
| 17:30 | Build | Farm |
| 17:36 | Research | Wheelbarrow |
| 17:40 | Research | Town Watch |
| 17:48 | Research | Double-Bit Axe |
| 17:57 | Create | Villager (Male) |
| 18:00 | Create | Villager (Male) |
| 18:22 | Build | Farm |
| 18:29 | Build | Farm |
| 18:31 | Build | Farm |
| 18:35 | Build | Farm |
| 18:45 | Create | Villager (Male) |
| 18:45 | Create | Villager (Male) |
| 19:02 | Build | Farm |
| 19:07 | Build | Farm |
| 19:30 | Build | Farm |
| 19:46 | Research | Horse Collar |
| 20:42 | Build | Blacksmith |
| 21:01 | Build | Market |
| 21:15 | Build | Mining Camp |
| 22:07 | Research | Castle Age |
| 22:30 | Build | Farm |
| 22:34 | Build | Farm |
| 22:42 | Research | Gold Mining |
| 22:52 | Create | Trade Cart |
| 24:17 | Create | Trade Cart |
| 24:23 | Create | Trade Cart |
| 24:58 | Create | Villager (Male) |
| 24:58 | Create | Villager (Male) |
| 24:59 | Create | Villager (Male) |
| 24:59 | Create | Villager (Male) |
| 25:00 | Create | Villager (Male) |
| 25:00 | Create | Villager (Male) |
| 25:00 | Create | Villager (Male) |
| 26:08 | Build | Castle |
| 26:25 | Build | Monastery |
| 26:57 | Build | House |
| 26:59 | Build | House |
| 27:00 | Build | House |
| 27:01 | Build | House |
| 27:01 | Build | House |
| 27:07 | Create | Monk |
| 27:14 | Create | Monk |
| 27:14 | Create | Monk |
| 27:21 | Research | Caravan |
| 27:22 | Create | Trade Cart |
| 27:22 | Create | Trade Cart |
| 27:22 | Create | Trade Cart |
| 27:23 | Create | Trade Cart |
| 28:01 | Create | War Elephant |
| 29:02 | Research | Hand Cart |
| 29:03 | Create | Villager (Male) |
| 29:40 | Create | Villager (Male) |
| 29:41 | Create | Villager (Male) |
| 29:41 | Create | Villager (Male) |
| 29:54 | Build | Town Center |
| 30:17 | Build | Mining Camp |
| 30:23 | Build | Mining Camp |
| 30:30 | Create | War Elephant |
| 30:30 | Create | War Elephant |
| 30:30 | Create | War Elephant |
| 31:03 | Create | Villager (Male) |
| 31:04 | Create | Villager (Male) |
| 31:04 | Create | Villager (Male) |
| 31:35 | Build | Farm |
| 31:37 | Build | Farm |
| 31:43 | Build | Farm |
| 31:50 | Create | Villager (Male) |
| 31:51 | Create | Villager (Male) |
| 31:51 | Create | Villager (Male) |
| 32:08 | Build | Farm |
| 32:22 | Build | Farm |
| 32:56 | Build | Farm |
| 33:07 | Build | Farm |
| 33:28 | Build | Farm |
| 33:38 | Build | Farm |
| 34:02 | Create | Villager (Male) |
| 34:02 | Create | Villager (Male) |
| 34:02 | Create | Villager (Male) |
| 34:03 | Create | Villager (Male) |
| 34:03 | Create | Villager (Male) |
| 34:03 | Create | Villager (Male) |
| 34:03 | Create | Villager (Male) |
| 34:04 | Create | Villager (Male) |
| 34:27 | Create | War Elephant |
| 34:34 | Build | Farm |
| 35:10 | Build | Farm |
| 35:15 | Build | Farm |
| 35:16 | Build | Farm |
| 35:49 | Build | Siege Workshop |
Build order — rodro_fern
First 150 of 372 actions detected
| 0:03 | Research | Loom |
| 0:03 | Create | Villager (Male) |
| 0:04 | Create | Villager (Male) |
| 0:04 | Create | Villager (Male) |
| 0:04 | Create | Villager (Male) |
| 0:09 | Build | House |
| 0:10 | Build | House |
| 0:32 | Build | Palisade Wall |
| 1:45 | Build | Palisade Wall |
| 1:50 | Build | Palisade Wall |
| 1:55 | Build | Palisade Wall |
| 2:28 | Create | Villager (Male) |
| 2:28 | Create | Villager (Male) |
| 3:19 | Create | Villager (Male) |
| 3:19 | Create | Villager (Male) |
| 3:37 | Create | Villager (Male) |
| 3:37 | Create | Villager (Male) |
| 4:03 | Build | Mill |
| 4:27 | Build | Lumber Camp |
| 4:36 | Create | Villager (Male) |
| 4:37 | Create | Villager (Male) |
| 5:22 | Build | Palisade Wall |
| 5:46 | Create | Villager (Male) |
| 5:46 | Create | Villager (Male) |
| 5:46 | Create | Villager (Male) |
| 6:20 | Create | Villager (Male) |
| 6:41 | Build | House |
| 7:21 | Create | Villager (Male) |
| 8:21 | Build | House |
| 9:04 | Build | House |
| 9:40 | Build | Palisade Wall |
| 10:12 | Research | Feudal Age |
| 10:57 | Build | Palisade Wall |
| 11:09 | Create | Villager (Male) |
| 11:09 | Create | Villager (Male) |
| 11:09 | Create | Villager (Male) |
| 11:10 | Create | Villager (Male) |
| 12:08 | Build | Mining Camp |
| 12:12 | Build | Mining Camp |
| 12:21 | Age | Feudal Age |
| 12:29 | Build | Stone Wall |
| 13:20 | Build | Market |
| 13:28 | Create | Villager (Male) |
| 13:45 | Research | Horse Collar |
| 13:51 | Research | Double-Bit Axe |
| 13:53 | Create | Villager (Male) |
| 13:54 | Create | Villager (Male) |
| 13:54 | Create | Villager (Male) |
| 13:55 | Create | Villager (Male) |
| 14:57 | Create | Villager (Male) |
| 14:58 | Create | Villager (Male) |
| 15:12 | Build | Blacksmith |
| 15:17 | Build | House |
| 15:57 | Build | Stone Wall |
| 16:08 | Create | Villager (Male) |
| 16:19 | Build | Mill |
| 16:41 | Create | Villager (Male) |
| 16:41 | Create | Villager (Male) |
| 17:01 | Build | Farm |
| 17:04 | Build | Farm |
| 17:35 | Research | Castle Age |
| 17:56 | Build | Farm |
| 18:55 | Build | Stone Wall |
| 19:03 | Research | Stone Mining |
| 19:07 | Research | Gold Mining |
| 19:11 | Create | Villager (Male) |
| 19:12 | Create | Villager (Male) |
| 19:12 | Create | Villager (Male) |
| 19:20 | Build | House |
| 19:30 | Create | Villager (Male) |
| 19:30 | Create | Villager (Male) |
| 20:06 | Build | Farm |
| 20:14 | Age | Castle Age |
| 20:37 | Research | Heavy Plow |
| 20:44 | Build | Farm |
| 21:02 | Build | House |
| 21:09 | Build | Farm |
| 21:42 | Create | Villager (Male) |
| 21:54 | Build | Farm |
| 22:06 | Build | Castle |
| 22:12 | Build | Farm |
| 22:19 | Build | Farm |
| 22:24 | Build | Farm |
| 22:30 | Build | Farm |
| 22:36 | Build | Farm |
| 22:42 | Create | Villager (Male) |
| 22:42 | Create | Villager (Male) |
| 22:47 | Build | Farm |
| 23:17 | Build | Farm |
| 23:21 | Create | Villager (Male) |
| 23:21 | Create | Villager (Male) |
| 23:31 | Build | House |
| 23:31 | Build | House |
| 23:31 | Build | House |
| 23:31 | Build | House |
| 23:32 | Build | House |
| 23:32 | Build | House |
| 23:32 | Build | House |
| 23:38 | Build | House |
| 23:38 | Build | House |
| 23:38 | Build | House |
| 23:39 | Build | House |
| 24:08 | Create | Villager (Male) |
| 24:15 | Build | Farm |
| 24:44 | Build | Monastery |
| 24:56 | Create | Villager (Male) |
| 24:57 | Create | Villager (Male) |
| 24:58 | Create | Villager (Male) |
| 25:04 | Create | Villager (Male) |
| 25:04 | Create | Villager (Male) |
| 25:55 | Build | Barracks |
| 25:56 | Research | Imperial Age |
| 26:31 | Create | Monk |
| 27:17 | Build | Town Center |
| 27:23 | Research | Bow Saw |
| 27:29 | Create | Villager (Male) |
| 27:30 | Create | Villager (Male) |
| 27:30 | Create | Villager (Male) |
| 27:30 | Create | Villager (Male) |
| 27:44 | Research | Caravan |
| 27:54 | Create | Trade Cart |
| 27:54 | Create | Trade Cart |
| 28:20 | Create | Villager (Male) |
| 28:21 | Create | Villager (Male) |
| 28:21 | Create | Villager (Male) |
| 28:22 | Create | Villager (Male) |
| 28:27 | Build | Farm |
| 28:32 | Build | Farm |
| 28:43 | Research | Scale Mail Armor |
| 28:46 | Research | Fletching |
| 28:48 | Research | Scale Mail Armor |
| 29:04 | Build | Castle |
| 29:06 | Age | Imperial Age |
| 29:10 | Create | Villager (Male) |
| 29:17 | Build | Stable |
| 29:30 | Create | Trade Cart |
| 29:34 | Create | Villager (Male) |
| 29:46 | Build | Mining Camp |
| 29:58 | Research | Chain Mail Armor |
| 29:59 | Research | Fletching |
| 30:15 | Build | Archery Range |
| 30:31 | Create | Villager (Male) |
| 30:32 | Create | Villager (Male) |
| 30:33 | Create | Villager (Male) |
| 30:34 | Create | Villager (Male) |
| 30:42 | Build | Farm |
| 30:57 | Create | Villager (Male) |
| 31:00 | Create | Villager (Male) |
| 31:01 | Create | Villager (Male) |
| 31:21 | Build | University |
Build order — KinGus
First 150 of 333 actions detected
| 0:06 | Research | Loom |
| 0:07 | Build | House |
| 0:10 | Build | House |
| 0:12 | Build | House |
| 0:23 | Create | Villager (Male) ×4 |
| 1:37 | Create | Villager (Male) |
| 1:51 | Build | Lumber Camp |
| 2:10 | Create | Villager (Male) |
| 2:10 | Create | Villager (Male) |
| 2:25 | Create | Villager (Male) |
| 2:55 | Create | Villager (Male) |
| 2:55 | Create | Villager (Male) |
| 3:05 | Create | Villager (Male) |
| 3:31 | Create | Villager (Male) |
| 3:31 | Create | Villager (Male) |
| 3:44 | Create | Villager (Male) |
| 4:19 | Create | Villager (Male) |
| 4:19 | Create | Villager (Male) |
| 4:40 | Create | Villager (Male) |
| 5:12 | Build | Mill |
| 5:13 | Build | House |
| 6:00 | Create | Villager (Male) |
| 6:07 | Create | Villager (Male) ×3 |
| 6:28 | Create | Villager (Male) ×2 |
| 7:21 | Create | Villager (Male) |
| 7:22 | Create | Villager (Male) |
| 7:58 | Build | Farm |
| 7:59 | Build | Farm |
| 8:10 | Build | Farm |
| 8:33 | Build | House |
| 8:42 | Build | Mining Camp |
| 9:25 | Build | Mining Camp |
| 9:31 | Create | Villager (Male) |
| 9:31 | Create | Villager (Male) |
| 10:01 | Research | Feudal Age |
| 11:09 | Build | House |
| 12:11 | Age | Feudal Age |
| 12:13 | Create | Villager (Male) |
| 12:13 | Create | Villager (Male) |
| 12:15 | Create | Villager (Male) |
| 12:20 | Build | Market |
| 12:28 | Build | Blacksmith |
| 13:00 | Build | Farm |
| 13:01 | Build | Farm |
| 14:29 | Research | Castle Age |
| 14:53 | Build | Stone Wall |
| 16:33 | Research | Wheelbarrow |
| 17:09 | Age | Castle Age |
| 17:18 | Build | Town Center |
| 17:53 | Build | Town Center |
| 18:08 | Build | Town Center |
| 18:16 | Build | Stone Wall |
| 18:27 | Create | Villager (Male) |
| 18:28 | Create | Villager (Male) |
| 18:31 | Research | Double-Bit Axe |
| 18:32 | Research | Horse Collar |
| 18:33 | Research | Horse Collar |
| 18:54 | Create | Villager (Male) |
| 18:55 | Create | Villager (Male) |
| 19:05 | Build | Outpost |
| 19:16 | Research | Hand Cart |
| 19:33 | Build | House |
| 19:44 | Build | Farm |
| 19:45 | Build | Farm |
| 19:46 | Build | Farm |
| 19:47 | Build | Farm |
| 19:54 | Build | Farm |
| 19:56 | Build | Farm |
| 19:57 | Build | Farm |
| 20:02 | Build | Monastery |
| 20:13 | Create | Villager (Male) |
| 20:13 | Create | Villager (Male) |
| 20:13 | Create | Villager (Male) |
| 20:19 | Create | Villager (Male) |
| 20:21 | Create | Villager (Male) |
| 20:21 | Create | Villager (Male) |
| 20:53 | Build | Farm |
| 20:55 | Create | Villager (Male) |
| 20:55 | Create | Villager (Male) |
| 20:56 | Create | Villager (Male) |
| 20:58 | Create | Monk |
| 21:11 | Build | Farm |
| 21:13 | Build | Farm |
| 21:17 | Build | Farm |
| 21:26 | Build | Farm |
| 21:28 | Build | Farm |
| 21:30 | Build | Farm |
| 21:32 | Build | Farm |
| 21:46 | Create | Villager (Male) ×4 |
| 21:47 | Create | Villager (Male) ×4 |
| 22:05 | Build | Farm |
| 22:05 | Build | Farm |
| 22:26 | Create | Villager (Male) ×5 |
| 22:43 | Create | Villager (Male) ×2 |
| 23:02 | Research | Heavy Plow |
| 23:03 | Research | Heavy Plow |
| 23:15 | Research | Bow Saw |
| 23:32 | Create | Monk |
| 23:40 | Create | Villager (Male) ×2 |
| 23:47 | Build | House |
| 23:48 | Build | House |
| 23:48 | Build | House |
| 23:50 | Build | House |
| 24:09 | Build | Farm |
| 24:10 | Build | Farm |
| 24:18 | Build | Farm |
| 24:23 | Create | Villager (Male) ×5 |
| 24:26 | Create | Villager (Male) ×3 |
| 24:32 | Research | Fervor |
| 25:14 | Create | Villager (Male) ×5 |
| 25:14 | Create | Villager (Male) ×5 |
| 25:29 | Create | Villager (Male) |
| 25:32 | Build | House |
| 25:33 | Build | House |
| 25:34 | Build | House |
| 25:34 | Build | House |
| 25:41 | Research | Stone Mining |
| 25:41 | Research | Stone Mining |
| 25:42 | Research | Gold Mining |
| 25:42 | Research | Gold Mining |
| 25:49 | Build | Farm |
| 25:53 | Build | Farm |
| 26:04 | Build | Farm |
| 26:05 | Build | Farm |
| 26:09 | Build | Farm |
| 26:10 | Build | Farm |
| 26:19 | Build | Farm |
| 26:24 | Build | Farm |
| 26:29 | Build | Farm |
| 26:34 | Create | Villager (Male) ×5 |
| 27:00 | Build | Market |
| 27:34 | Build | Castle |
| 27:38 | Build | House |
| 27:39 | Build | House |
| 27:40 | Build | House |
| 27:42 | Create | Villager (Male) ×5 |
| 27:42 | Create | Villager (Male) ×5 |
| 27:50 | Build | Farm |
| 27:50 | Build | Farm |
| 27:52 | Build | Farm |
| 27:55 | Build | Farm |
| 27:57 | Build | Farm |
| 28:02 | Build | Mill |
| 28:06 | Build | Farm |
| 28:07 | Build | Farm |
| 28:08 | Build | Farm |
| 28:13 | Build | Farm |
| 28:14 | Build | Farm |
| 28:15 | Build | Farm |
| 28:55 | Build | House |
Build order — Franipani89
First 150 of 469 actions detected
| 0:13 | Build | Mill |
| 0:19 | Create | Villager (Male) |
| 0:20 | Research | Loom |
| 0:26 | Build | House |
| 1:03 | Create | Villager (Male) |
| 1:03 | Create | Villager (Male) |
| 1:04 | Create | Villager (Male) |
| 1:04 | Create | Villager (Male) |
| 2:09 | Create | Villager (Male) |
| 2:32 | Build | House |
| 3:12 | Create | Villager (Male) |
| 3:12 | Create | Villager (Male) |
| 3:12 | Create | Villager (Male) |
| 4:08 | Create | Villager (Male) |
| 4:08 | Create | Villager (Male) |
| 4:49 | Build | Mill |
| 5:29 | Create | Villager (Male) |
| 6:06 | Create | Villager (Male) |
| 6:07 | Create | Villager (Male) |
| 6:07 | Create | Villager (Male) |
| 6:47 | Build | House |
| 6:49 | Build | House |
| 7:30 | Create | Villager (Male) |
| 7:30 | Create | Villager (Male) |
| 7:59 | Build | Lumber Camp |
| 9:06 | Research | Feudal Age |
| 10:03 | Build | Mining Camp |
| 10:40 | Create | Villager (Male) |
| 10:40 | Create | Villager (Male) |
| 10:41 | Create | Villager (Male) |
| 10:46 | Create | Villager (Male) |
| 11:20 | Age | Feudal Age |
| 11:45 | Research | Horse Collar |
| 11:53 | Build | Farm |
| 12:28 | Research | Wheelbarrow |
| 12:31 | Create | Villager (Male) |
| 12:31 | Create | Villager (Male) |
| 13:13 | Build | Farm |
| 13:26 | Build | Market |
| 13:39 | Build | House |
| 13:41 | Build | House |
| 13:43 | Build | House |
| 14:03 | Build | Farm |
| 14:09 | Create | Villager (Male) |
| 14:09 | Create | Villager (Male) |
| 14:09 | Create | Villager (Male) |
| 14:10 | Create | Villager (Male) |
| 14:10 | Create | Villager (Male) |
| 14:56 | Build | Farm |
| 15:07 | Build | Farm |
| 15:48 | Build | Farm |
| 16:25 | Build | Mining Camp |
| 16:42 | Build | Farm |
| 17:02 | Research | Double-Bit Axe |
| 17:10 | Create | Villager (Male) |
| 17:10 | Create | Villager (Male) |
| 17:10 | Create | Villager (Male) |
| 17:11 | Create | Villager (Male) |
| 17:11 | Create | Villager (Male) |
| 18:09 | Research | Town Watch |
| 18:57 | Build | Farm |
| 19:27 | Build | Farm |
| 19:49 | Create | Villager (Male) |
| 20:20 | Create | Trade Cart |
| 20:20 | Create | Trade Cart |
| 20:20 | Create | Trade Cart |
| 20:21 | Create | Trade Cart |
| 20:21 | Create | Trade Cart |
| 20:21 | Create | Trade Cart |
| 20:22 | Create | Trade Cart |
| 20:22 | Create | Trade Cart |
| 20:22 | Create | Trade Cart |
| 20:37 | Build | Farm |
| 21:41 | Create | Villager (Male) |
| 21:42 | Create | Villager (Male) |
| 22:12 | Build | Blacksmith |
| 22:22 | Build | Farm |
| 22:36 | Build | Farm |
| 22:49 | Research | Castle Age |
| 22:58 | Build | House |
| 23:01 | Build | House |
| 23:05 | Build | House |
| 23:07 | Build | House |
| 24:02 | Research | Scale Mail Armor |
| 25:29 | Age | Castle Age |
| 25:34 | Build | Monastery |
| 25:40 | Research | Forging |
| 25:49 | Research | Bow Saw |
| 25:51 | Research | Heavy Plow |
| 25:55 | Research | Hand Cart |
| 25:56 | Create | Villager (Male) |
| 25:57 | Create | Villager (Male) |
| 25:57 | Create | Villager (Male) |
| 25:57 | Create | Villager (Male) |
| 26:40 | Create | Monk |
| 26:53 | Build | Town Center |
| 27:05 | Create | Villager (Male) |
| 27:05 | Create | Villager (Male) |
| 27:05 | Create | Villager (Male) |
| 27:06 | Create | Villager (Male) |
| 27:06 | Create | Villager (Male) |
| 27:06 | Create | Villager (Male) |
| 27:27 | Build | Farm |
| 27:52 | Build | Farm |
| 28:02 | Research | Iron Casting |
| 28:34 | Research | Caravan |
| 28:46 | Build | Farm |
| 28:53 | Build | Farm |
| 29:08 | Create | Villager (Male) |
| 29:09 | Create | Villager (Male) |
| 29:09 | Create | Villager (Male) |
| 29:09 | Create | Villager (Male) |
| 29:44 | Build | University |
| 30:07 | Build | Farm |
| 30:14 | Build | Farm |
| 30:18 | Research | Town Patrol |
| 30:29 | Create | Villager (Male) |
| 30:29 | Create | Villager (Male) |
| 30:30 | Create | Villager (Male) |
| 30:43 | Create | Trade Cart |
| 30:43 | Create | Trade Cart |
| 30:44 | Create | Trade Cart |
| 30:44 | Create | Trade Cart |
| 30:44 | Create | Trade Cart |
| 30:44 | Create | Trade Cart |
| 30:45 | Create | Trade Cart |
| 30:45 | Create | Trade Cart |
| 30:56 | Create | Villager (Male) |
| 30:56 | Create | Villager (Male) |
| 30:56 | Create | Villager (Male) |
| 30:57 | Create | Villager (Male) |
| 30:57 | Create | Villager (Male) |
| 31:09 | Build | Lumber Camp |
| 31:30 | Build | Farm |
| 31:49 | Research | Chain Mail Armor |
| 32:11 | Build | Castle |
| 32:37 | Create | Villager (Male) |
| 32:38 | Create | Villager (Male) |
| 32:38 | Create | Villager (Male) |
| 32:38 | Create | Villager (Male) |
| 32:38 | Create | Villager (Male) |
| 32:39 | Create | Villager (Male) |
| 32:50 | Create | Villager (Male) |
| 32:50 | Create | Villager (Male) |
| 32:50 | Create | Villager (Male) |
| 32:51 | Create | Villager (Male) |
| 32:51 | Create | Villager (Male) |
| 32:56 | Create | Villager (Male) |
| 33:18 | Build | House |
| 33:20 | Build | House |
Build order — antonio.mecalco.hdez
104 actions detected in the replay
| 1:10 | Create | Villager (Male) |
| 1:10 | Create | Villager (Male) |
| 1:10 | Create | Villager (Male) |
| 1:11 | Create | Villager (Male) |
| 1:11 | Create | Villager (Male) |
| 1:47 | Build | House |
| 1:51 | Build | House |
| 3:18 | Create | Villager (Male) |
| 3:19 | Create | Villager (Male) |
| 3:19 | Create | Villager (Male) |
| 3:19 | Create | Villager (Male) |
| 7:36 | Build | Mill |
| 7:47 | Build | Barracks |
| 8:18 | Build | Mining Camp |
| 8:44 | Research | Feudal Age |
| 8:48 | Research | Loom |
| 10:51 | Create | Villager (Male) |
| 10:51 | Create | Villager (Male) |
| 10:51 | Create | Villager (Male) |
| 10:54 | Age | Feudal Age |
| 11:42 | Create | Villager (Male) |
| 11:42 | Create | Villager (Male) |
| 12:23 | Create | Villager (Male) |
| 12:23 | Create | Villager (Male) |
| 12:23 | Create | Villager (Male) |
| 13:16 | Create | Villager (Male) |
| 13:34 | Build | House |
| 13:40 | Build | House |
| 13:54 | Build | Lumber Camp |
| 15:02 | Research | Stone Mining |
| 17:52 | Build | Stone Wall |
| 18:03 | Build | Farm |
| 18:18 | Create | Villager (Male) |
| 18:19 | Create | Villager (Male) |
| 18:19 | Create | Villager (Male) |
| 18:19 | Create | Villager (Male) |
| 18:19 | Create | Villager (Male) |
| 18:20 | Create | Villager (Male) |
| 18:20 | Create | Villager (Male) |
| 18:20 | Create | Villager (Male) |
| 18:20 | Create | Villager (Male) |
| 18:20 | Create | Villager (Male) |
| 18:35 | Build | Farm |
| 19:28 | Build | House |
| 19:32 | Build | House |
| 19:36 | Build | House |
| 19:40 | Build | House |
| 20:59 | Build | Market |
| 21:12 | Build | Farm |
| 21:19 | Build | Farm |
| 21:24 | Build | Farm |
| 21:28 | Research | Horse Collar |
| 21:33 | Research | Gold Mining |
| 21:50 | Build | Farm |
| 22:04 | Build | Stone Wall |
| 22:37 | Build | Mining Camp |
| 22:43 | Research | Arson |
| 22:44 | Research | Man-at-Arms (upgrade) |
| 23:13 | Build | House |
| 23:17 | Build | House |
| 23:21 | Build | House |
| 23:24 | Build | House |
| 24:32 | Create | Trade Cart |
| 24:33 | Create | Trade Cart |
| 24:33 | Create | Trade Cart |
| 25:04 | Build | Stone Wall |
| 25:43 | Create | Villager (Male) |
| 25:43 | Create | Villager (Male) |
| 25:43 | Create | Villager (Male) |
| 25:44 | Create | Villager (Male) |
| 25:44 | Create | Villager (Male) |
| 25:44 | Create | Villager (Male) |
| 25:44 | Create | Villager (Male) |
| 25:45 | Create | Villager (Male) |
| 25:56 | Build | Farm |
| 26:06 | Build | Farm |
| 26:21 | Build | Farm |
| 26:36 | Build | Stone Wall |
| 27:22 | Research | Double-Bit Axe |
| 29:42 | Create | Villager (Male) |
| 29:42 | Create | Villager (Male) |
| 29:42 | Create | Villager (Male) |
| 29:42 | Create | Villager (Male) |
| 29:43 | Create | Villager (Male) |
| 29:43 | Create | Villager (Male) |
| 29:43 | Create | Villager (Male) |
| 29:43 | Create | Villager (Male) |
| 29:43 | Create | Villager (Male) |
| 29:44 | Create | Villager (Male) |
| 30:14 | Build | Blacksmith |
| 30:22 | Build | Stable |
| 30:43 | Build | Stone Wall |
| 32:31 | Build | Watch Tower |
| 32:37 | Build | Watch Tower |
| 32:43 | Build | Watch Tower |
| 32:47 | Build | Watch Tower |
| 32:54 | Build | Watch Tower |
| 32:59 | Build | Watch Tower |
| 33:36 | Build | Mill |
| 33:43 | Build | Farm |
| 33:58 | Build | Farm |
| 34:07 | Build | Farm |
| 34:45 | Research | Castle Age |
| 37:25 | Age | Castle Age |
Build order — SombreSnow8222
First 150 of 442 actions detected
| 0:06 | Build | House |
| 0:07 | Create | Villager (Male) |
| 0:08 | Research | Loom |
| 0:08 | Create | Villager (Male) |
| 0:08 | Create | Villager (Male) |
| 0:09 | Create | Villager (Male) |
| 0:09 | Create | Villager (Male) |
| 0:13 | Build | House |
| 0:43 | Build | Palisade Wall |
| 1:47 | Build | Palisade Wall |
| 3:08 | Create | Villager (Male) |
| 3:55 | Create | Villager (Male) |
| 4:04 | Create | Villager (Male) |
| 4:12 | Build | Mill |
| 4:48 | Create | Villager (Male) |
| 4:48 | Create | Villager (Male) |
| 5:33 | Create | Villager (Male) |
| 5:54 | Build | House |
| 6:36 | Create | Villager (Male) |
| 7:12 | Create | Villager (Male) |
| 7:12 | Create | Villager (Male) |
| 7:37 | Create | Villager (Male) |
| 7:37 | Create | Villager (Male) |
| 7:37 | Create | Villager (Male) |
| 7:37 | Create | Villager (Male) |
| 8:43 | Build | Lumber Camp |
| 10:34 | Research | Feudal Age |
| 10:44 | Build | Mining Camp |
| 11:42 | Build | House |
| 11:45 | Build | Barracks |
| 13:14 | Build | Blacksmith |
| 13:45 | Build | Market |
| 14:41 | Build | Mining Camp |
| 15:32 | Research | Castle Age |
| 16:58 | Research | Stone Mining |
| 18:17 | Build | Castle |
| 19:14 | Build | Town Center |
| 20:09 | Create | Villager (Male) |
| 20:18 | Build | Mill |
| 20:34 | Create | Villager (Male) |
| 20:41 | Create | Villager (Male) |
| 21:17 | Create | Villager (Male) |
| 21:45 | Create | Villager (Male) |
| 21:58 | Create | Trade Cart |
| 21:59 | Create | Trade Cart |
| 22:26 | Build | Farm |
| 22:59 | Create | Villager (Male) |
| 23:00 | Create | Villager (Male) |
| 23:01 | Create | Villager (Male) |
| 23:01 | Create | Villager (Male) |
| 23:05 | Research | Horse Collar |
| 23:36 | Build | Farm |
| 23:41 | Research | Double-Bit Axe |
| 23:41 | Research | Double-Bit Axe |
| 24:00 | Build | Farm |
| 24:20 | Build | Farm |
| 24:24 | Create | Villager (Male) |
| 24:37 | Create | Villager (Male) |
| 24:39 | Create | Villager (Male) |
| 24:40 | Create | Villager (Male) |
| 24:58 | Build | Town Center |
| 25:06 | Create | Villager (Male) |
| 25:07 | Create | Villager (Male) |
| 25:18 | Build | Farm |
| 25:20 | Create | Villager (Male) |
| 25:39 | Create | Villager (Male) |
| 25:43 | Build | Farm |
| 25:50 | Create | Villager (Male) |
| 26:01 | Create | Villager (Male) |
| 26:01 | Create | Villager (Male) |
| 26:09 | Build | Farm |
| 26:13 | Build | Farm |
| 26:17 | Build | Farm |
| 26:30 | Create | Villager (Male) |
| 26:34 | Build | Farm |
| 26:39 | Create | Villager (Male) |
| 26:45 | Build | Farm |
| 26:55 | Build | House |
| 26:57 | Build | House |
| 27:00 | Build | House |
| 27:04 | Build | Farm |
| 27:05 | Create | Villager (Male) |
| 27:10 | Build | Farm |
| 27:15 | Create | Villager (Male) |
| 27:35 | Create | Villager (Male) |
| 27:44 | Build | Farm |
| 27:49 | Create | Villager (Male) |
| 27:52 | Create | Villager (Male) |
| 28:04 | Build | House |
| 28:08 | Create | Villager (Male) |
| 28:12 | Create | Villager (Male) |
| 28:21 | Build | Farm |
| 28:23 | Create | Villager (Male) |
| 28:30 | Build | Farm |
| 28:36 | Build | House |
| 28:43 | Create | Villager (Male) |
| 28:48 | Build | Farm |
| 28:52 | Create | Villager (Male) |
| 28:53 | Create | Villager (Male) |
| 28:59 | Build | Farm |
| 29:07 | Build | Monastery |
| 29:14 | Build | Farm |
| 29:23 | Build | Farm |
| 29:24 | Build | Farm |
| 29:31 | Build | Farm |
| 29:33 | Create | Villager (Male) |
| 29:35 | Research | Wheelbarrow |
| 29:43 | Create | Villager (Male) |
| 29:48 | Create | Monk |
| 29:51 | Build | Mining Camp |
| 30:02 | Create | Villager (Male) |
| 30:02 | Create | Villager (Male) |
| 30:04 | Create | Villager (Male) |
| 30:09 | Build | Farm |
| 30:16 | Build | Farm |
| 30:20 | Build | Farm |
| 30:24 | Build | Farm |
| 30:27 | Build | Farm |
| 30:30 | Create | Villager (Male) |
| 30:31 | Create | Villager (Male) |
| 30:32 | Create | Villager (Male) |
| 30:36 | Create | Villager (Male) |
| 30:58 | Create | Villager (Male) |
| 30:59 | Create | Villager (Male) |
| 31:00 | Create | Villager (Male) |
| 31:09 | Research | Heavy Plow |
| 31:22 | Build | Farm |
| 31:28 | Create | Villager (Male) |
| 31:29 | Create | Villager (Male) |
| 31:31 | Create | Villager (Male) |
| 31:38 | Build | Town Center |
| 31:42 | Create | Villager (Male) |
| 31:47 | Build | Farm |
| 31:49 | Create | Villager (Male) |
| 31:50 | Create | Villager (Male) |
| 31:54 | Build | Farm |
| 31:55 | Build | Farm |
| 32:02 | Create | Trade Cart |
| 32:03 | Create | Trade Cart |
| 32:03 | Create | Trade Cart |
| 32:03 | Create | Trade Cart |
| 32:04 | Create | Trade Cart |
| 32:09 | Research | Gold Mining |
| 32:13 | Research | Stone Shaft Mining |
| 32:22 | Build | Farm |
| 32:29 | Create | Villager (Male) |
| 32:31 | Create | Villager (Male) |
| 32:35 | Create | Villager (Male) |
| 32:35 | Create | Villager (Male) |
| 32:40 | Build | House |
Match timeline
| 0:32 | rodro_fern · wall_segment Palisade Wall x15 |
| 0:43 | SombreSnow8222 · wall_segment Palisade Wall x7 |
| 1:22 | cookie20003175 · wall_segment Palisade Wall x8 |
| 1:26 | cookie20003175 · wall_segment Palisade Wall x2 |
| 1:27 | cookie20003175 · wall_segment Palisade Wall x6 |
| 1:45 | rodro_fern · wall_segment Palisade Wall x1 |
| 1:47 | SombreSnow8222 · wall_segment Palisade Wall x12 |
| 1:50 | rodro_fern · wall_segment Palisade Wall x1 |
| 1:53 | cookie20003175 · wall_segment Palisade Wall x20 |
| 1:55 | rodro_fern · wall_segment Palisade Wall x1 |
| 4:54 | teddybotello_ · wall_segment Palisade Wall x13 |
| 5:22 | rodro_fern · wall_segment Palisade Wall x14 |
| 6:31 | smithafn · wall_segment Palisade Wall x1 |
| 7:47 | antonio.mecalco.hdez · first_building Barracks |
| 9:40 | rodro_fern · wall_segment Palisade Wall x1 |
| 10:51 | smithafn · age_up feudal |
| 10:54 | antonio.mecalco.hdez · age_up feudal |
| 10:57 | rodro_fern · wall_segment Palisade Wall x1 |
| 11:20 | Franipani89 · age_up feudal |
| 11:45 | SombreSnow8222 · first_building Barracks |
| 11:47 | smithafn · wall_segment Stone Wall x7 |
| 11:59 | smithafn · wall_segment Stone Wall x10 |
| 12:11 | KinGus · age_up feudal |
| 12:21 | rodro_fern · age_up feudal |
| 12:29 | rodro_fern · wall_segment Stone Wall x17 |
| 13:41 | teddybotello_ · wall_segment Palisade Wall x13 |
| 14:06 | smithafn · age_up castle |
| 14:53 | KinGus · wall_segment Stone Wall x11 |
| 15:57 | rodro_fern · wall_segment Stone Wall x16 |
| 17:09 | KinGus · age_up castle |
| 17:52 | antonio.mecalco.hdez · wall_segment Stone Wall x27 |
| 18:16 | KinGus · wall_segment Stone Wall x2 |
| 18:17 | SombreSnow8222 · first_building Castle |
| 18:55 | rodro_fern · wall_segment Stone Wall x1 |
| 20:02 | KinGus · first_building Monastery |
| 20:14 | rodro_fern · age_up castle |
| 20:40 | smithafn · wall_segment Stone Wall x15 |
| 20:50 | smithafn · wall_segment Stone Wall x2 |
| 22:04 | antonio.mecalco.hdez · wall_segment Stone Wall x11 |
| 22:06 | rodro_fern · first_building Castle |
| 23:56 | smithafn · wall_segment Palisade Wall x1 |
| 23:57 | smithafn · wall_segment Palisade Wall x1 |
| 24:44 | rodro_fern · first_building Monastery |
| 25:04 | antonio.mecalco.hdez · wall_segment Stone Wall x5 |
| 25:29 | Franipani89 · age_up castle |
| 25:34 | Franipani89 · first_building Monastery |
| 25:55 | rodro_fern · first_building Barracks |
| 26:02 | cookie20003175 · first_building Castle |
| 26:08 | teddybotello_ · first_building Castle |
| 26:25 | teddybotello_ · first_building Monastery |
| 26:36 | antonio.mecalco.hdez · wall_segment Stone Wall x19 |
| 27:05 | cookie20003175 · first_building Siege Workshop |
| 27:34 | KinGus · first_building Castle |
| 27:40 | cookie20003175 · first_building Barracks |
| 28:18 | smithafn · wall_segment Stone Wall x11 |
| 29:06 | rodro_fern · age_up imperial |
| 29:07 | SombreSnow8222 · first_building Monastery |
| 29:17 | rodro_fern · first_building Stable |
| 30:15 | rodro_fern · first_building Archery Range |
| 30:22 | antonio.mecalco.hdez · first_building Stable |
| 30:34 | KinGus · first_building Siege Workshop |
| 30:43 | antonio.mecalco.hdez · wall_segment Stone Wall x22 |
| 30:45 | smithafn · first_building Siege Workshop |
| 31:33 | KinGus · first_building Barracks |
| 32:11 | Franipani89 · first_building Castle |
| 34:00 | smithafn · first_building Stable |
| 34:28 | smithafn · first_building Castle |
| 34:39 | KinGus · age_up imperial |
| 35:29 | smithafn · first_market_sell 500 wood |
| 35:30 | Franipani89 · first_building Siege Workshop |
| 35:49 | teddybotello_ · first_building Siege Workshop |
| 36:14 | Franipani89 · first_building Barracks |
| 36:34 | smithafn · age_up imperial |
| 36:48 | rodro_fern · wall_segment Stone Wall x4 |
| 36:59 | rodro_fern · wall_segment Stone Wall x4 |
| 37:25 | antonio.mecalco.hdez · age_up castle |
| 37:35 | KinGus · first_market_buy 100 stone |
| 37:54 | antonio.mecalco.hdez · resign |
| 38:26 | rodro_fern · wall_segment Stone Wall x8 |
| 39:42 | Franipani89 · first_building Archery Range |
| 40:13 | Franipani89 · age_up imperial |
| 41:03 | rodro_fern · wall_segment Stone Wall x10 |
| 43:08 | SombreSnow8222 · first_building Archery Range |
| 43:46 | rodro_fern · first_market_buy 100 stone |
| 49:14 | teddybotello_ · first_building Barracks |
| 50:35 | teddybotello_ · first_building Archery Range |
| 52:58 | SombreSnow8222 · first_building Siege Workshop |
[ AI ANALYSIS · 1 CREDIT ]
What really happened in this match?
Wolo.gg analyzes every decision: build order, eco, micro, common mistakes by bracket. Personalized analysis on WhatsApp or Discord in 30 seconds.
Civ guide
Chinese
Perfil
cookie20003175